TAMPA BAY Lightning vs COLORADO Avalanche

Created - 24 octobre 2018 at 18:50

Goals
1 2 3 T
TAMPA BAY Lightning 1 3 1 5
COLORADO Avalanche 0 2 1 3
Shots
1 2 3 T
TAMPA BAY Lightning 14 9 20 43
COLORADO Avalanche 13 12 5 30

1st period

1. TAMPA BAY Lightning , Conor Sheary 3 (Bryan Rust 5, Mikael Backlund 3) at 8:27

Penalties :
Karl Alzner (TBL) for Holding (Minor) at 2:26, Dylan DeMelo (TBL) for Hooking (Minor) at 14:21, Jordie Benn (COL) for Goalie Interference (Minor) at 17:48, Filip Forsberg (TBL) for High sticking (Minor) at 17:48

2nd period

2. COLORADO Avalanche , Justin Falk 1 (David Pastrnak 4, Kris Versteeg 1) at 2:50
3. TAMPA BAY Lightning , David Savard 1 (Ryan Kesler 8, Filip Forsberg 5) at 5:49
4. COLORADO Avalanche , Jonas Brodin 2 (Craig Smith 4, Carl Hagelin 5) at 6:56
5. TAMPA BAY Lightning , Ryan Kesler 4 (Filip Forsberg 6) at 12:28
6. TAMPA BAY Lightning , Bryan Rust 3 (Mikael Backlund 4) at 19:02 (PP)

Penalties :
Bryan Rust (TBL) for Roughing (Minor) at 0:41, Filip Forsberg (TBL) for Roughing (Minor) at 12:38, Ryan Callahan (COL) for Holding Stick (Minor) at 19:00

3rd period

7. TAMPA BAY Lightning , Ryan Kesler 5 (Brady Skjei 1, Mats Zuccarello 7) at 2:40 (PP)
8. COLORADO Avalanche , Adam McQuaid 2 (David Pastrnak 5, Jonas Brodin 2) at 13:58

Penalties :
Jeff Skinner (COL) for Hooking (Minor) at 1:56, Jonathan Ericsson (COL) for High sticking (Minor) at 5:15, Jonathan Ericsson (COL) for Hooking (Minor) at 14:11

Goalie Stats

Cory Schneider (TBL), 27 saves from 30 shots - (0,900), W, 5-0-1, 60:00 minutes
Brian Elliott (COL), 38 saves from 43 shots - (0,884), L, 2-3-0, 60:00 minutes

Players Stats for TAMPA BAY Lightning

Player Name              G  A  P  +/- PIM S  H  SB GA TA FO     MP     PP MP  PK MP  
------------------------------------------------------------------------------------
Brady Skjei              0  1  1  -1  0   2  2  0  0  0  0/0    19:21   2:49   0:28 
Bryan Rust               1  1  2   0  2   7  1  0  0  0  0/3    20:24   2:30   4:08 
Cedric Paquette          0  0  0  -1  0   2  0  0  0  0  7/8     5:20   0:00   2:46 
Conor Sheary             1  0  1   0  0   4  1  0  0  0  1/2    18:01   2:30   0:47 
Danton Heinen            0  0  0  -1  0   2  0  0  0  0  0/1    12:16   0:00   0:20 
David Backes             0  0  0  -1  0   2  1  0  0  0  6/17   11:56   0:00   0:00 
David Savard             1  0  1   1  0   1  0  4  0  0  0/0    22:58   0:00   4:14 
Dylan DeMelo             0  0  0  -1  2   0  3  0  0  0  0/0    13:57   1:55   0:18 
Filip Forsberg           0  2  2   2  4   5  1  0  0  0  0/0    19:52   2:14   0:36 
Karl Alzner              0  0  0   0  2   1  1  1  0  0  0/0    15:12   0:00   2:41 
Luca Sbisa               0  0  0   0  0   1  0  2  0  0  0/0    22:28   1:55   3:42 
Mats Zuccarello          0  1  1   2  0   3  2  0  0  0  1/1    19:18   2:14   0:00 
Matt Martin              0  0  0  -1  0   3  0  0  0  0  0/0     2:34   0:00   0:00 
Mikael Backlund          0  2  2   0  0   1  2  1  0  0  17/31  22:17   2:30   5:03 
Patrick Maroon           0  0  0  -1  0   2  1  0  0  0  0/1    12:58   0:00   0:00 
Ryan Kesler              2  1  3   2  0   4  3  0  0  0  17/33  22:32   2:14   2:12 
Seth Jones               0  0  0   1  0   2  1  1  0  0  0/0    26:02   2:49   4:29 
William Carrier          0  0  0  -1  0   1  0  0  0  0  0/0     2:34   0:00   0:00 

Players Stats for COLORADO Avalanche

Player Name              G  A  P  +/- PIM S  H  SB GA TA FO     MP     PP MP  PK MP  
------------------------------------------------------------------------------------
Adam McQuaid             1  0  1   3  0   1  6  1  0  0  0/0    23:19   0:00   0:00 
Carl Hagelin             0  1  1   1  0   1  1  0  0  0  1/1    15:02   0:00   0:00 
Craig Smith              0  1  1   1  0   2  1  0  0  0  16/31  18:40   3:38   0:00 
Dan Girardi              0  0  0   0  0   1  0  0  0  0  0/0     0:22   0:22   0:00 
Darren Helm              0  0  0  -2  0   1  0  0  0  0  9/25   16:38   0:00   3:55 
David Pastrnak           0  2  2   1  0   7  2  0  0  0  1/1    22:58   4:18   0:00 
David Perron             0  0  0  -1  0   4  3  0  0  0  2/3    22:04   4:18   3:07 
Jeff Skinner             0  0  0  -1  2   1  0  0  0  0  15/29  18:56   4:18   0:00 
Jonas Brodin             1  1  2   2  0   2  1  6  0  0  0/0    25:05   4:04   1:55 
Jonathan Ericsson        0  0  0  -2  4   0  1  1  0  0  0/0    18:05   3:52   0:22 
Jordie Benn              0  0  0  -3  2   1  1  4  0  0  0/0    25:33   3:30   1:56 
Justin Falk              1  0  1   1  0   1  1  0  0  0  0/0    11:01   0:00   2:37 
Kevin Bieksa             0  0  0  -1  0   2  2  0  0  0  0/0    16:32   4:04   2:38 
Kris Versteeg            0  1  1   2  0   0  0  0  0  0  0/0     4:56   0:00   0:00 
Rick Nash                0  0  0   1  0   1  1  0  0  0  1/1    18:52   3:38   0:12 
Ryan Callahan            0  0  0  -2  2   1  1  0  0  0  0/0    12:10   0:00   0:00 
Ryan Spooner             0  0  0  -2  0   2  0  0  0  0  0/1    16:19   3:38   0:30 
Zack Smith               0  0  0   2  0   2  1  0  0  0  3/5     6:40   0:00   1:44 

3 Stars

1 - Ryan Kesler (TBL)
2 - Adam McQuaid (COL)
3 - Jonas Brodin (COL)

Power Play

TAMPA BAY Lightning - 2 on 4 Attempt(s) - 50,00%
COLORADO Avalanche - 0 on 4 Attempt(s) - 0,00%

Penalty Kill

TAMPA BAY Lightning - 4 on 4 Attempt(s) - 100,00% - Score 0 goal in Penalty Kill
COLORADO Avalanche - 2 on 4 Attempt(s) - 50,00% - Score 0 goal in Penalty Kill

Team Stat

TAMPA BAY Lightning - Hits : 19 - Faceoff Wins : 49 - Blocked Shots : 9 - Penalty Minutes : 10
COLORADO Avalanche - Hits : 22 - Faceoff Wins : 48 - Blocked Shots : 12 - Penalty Minutes : 10

Official

Referees : Unknown
Linesman : Unknown

Game Notes

No Game Note

Finance

Level 1 -- Attendance: 5112 (85,20%) -- Ticket Income 511 200 $
Level 2 -- Attendance: 4456 (89,12%) -- Ticket Income 267 360 $
Level 3 -- Attendance: 2000 (100,00%) -- Ticket Income 70 000 $
Level 4 -- Attendance: 2989 (74,73%) -- Ticket Income 74 725 $
Luxury Box -- Attendance: 841 (84,10%) -- Ticket Income 168 200 $
Game was played at the Pepsi Center.
Total Attendance: 15398 (85,54%)
Total Ticket Income: 1 091 485 $
Other Income: 425 679 $
Total Income: 1 517 164 $

TAMPA BAY Lightning

5 vs 5 Forward 
   Center                   Left Wing                Right Wing               Time % Phy DF OF 
 1 Ryan Kesler              Filip Forsberg           Mats Zuccarello          35     1   1  3  
 2 Mikael Backlund          Bryan Rust               Conor Sheary             30     1   2  2  
 3 David Backes             Danton Heinen            Patrick Maroon           25     1   2  2  
 4 Cedric Paquette          William Carrier          Matt Martin              10     5   0  0  

5 vs 5 Defense 
   Defense                  Defense                                           Time % Phy DF OF 
 1 Seth Jones               David Savard                                      40     1   2  2  
 2 Brady Skjei              Luca Sbisa                                        30     1   2  2  
 3 Karl Alzner              Dylan DeMelo                                      20     1   2  2  
 4 Seth Jones               David Savard                                      10     1   2  2  

PowerPlay Forward 
   Center                   Left Wing                Right Wing               Time % Phy DF OF 
 1 Ryan Kesler              Filip Forsberg           Mats Zuccarello          60     0   1  4  
 2 Mikael Backlund          Bryan Rust               Conor Sheary             40     1   2  2  

PowerPlay Defense
   Defense                  Defense                                           Time % Phy DF OF 
 1 Seth Jones               Brady Skjei                                       60     0   1  4  
 2 Dylan DeMelo             Luca Sbisa                                        40     1   2  2  

Penalty Kill 4 Players Forward 
   Center                   Wing                     Time % Phy DF OF 
 1 Mikael Backlund          Bryan Rust               60     1   3  1  
 2 Ryan Kesler              Cedric Paquette          40     1   3  1  

Penalty Kill 4 Players Defense
   Defense                  Defense                  Time % Phy DF OF 
 1 Seth Jones               David Savard             60     1   2  2  
 2 Karl Alzner              Luca Sbisa               40     1   2  2  

Penalty Kill - 3 Players Forward 
   Forward                                           Time % Phy DF OF 
 1 Ryan Kesler                                       60     1   2  2  
 2 Mikael Backlund                                   40     1   2  2  

Penalty Kill - 3 Players Defense
   Defense                  Defense                  Time % Phy DF OF 
 1 Seth Jones               David Savard             60     1   2  2  
 2 Karl Alzner              Luca Sbisa               40     1   2  2  

4 vs 4 Forward 
   Center                   Wing                     Time % Phy DF OF 
 1 Ryan Kesler              Filip Forsberg           60     1   2  2  
 2 Mikael Backlund          Conor Sheary             40     1   2  2  

4 vs 4 Defense
   Defense                  Defense                  Time % Phy DF OF 
 1 Seth Jones               David Savard             60     1   2  2  
 2 Karl Alzner              Luca Sbisa               40     1   2  2  

Last Minutes Offensive
   Center                   Left Wing                Right Wing               Defense                  Defense                  
   Ryan Kesler              Filip Forsberg           Mats Zuccarello          Seth Jones               Brady Skjei              

Last Minutes Defensive
   Center                   Left Wing                Right Wing               Defense                  Defense                  
   Ryan Kesler              Filip Forsberg           Mats Zuccarello          Seth Jones               David Savard             

Goaltenders
Starting : Cory Schneider           
Backup : Calvin Pickard           

Extra Forwards
Normal : Patrick Maroon, Cedric Paquette, Conor Sheary - PP : Patrick Maroon, Danton Heinen - PK : Conor Sheary
Extra Defensemen
Normal : Brady Skjei, Dylan DeMelo, Karl Alzner - PP : Brady Skjei - PK : Dylan DeMelo, Karl Alzner
Penalty Shots
Conor Sheary, Filip Forsberg, Patrick Maroon, Ryan Kesler, Seth Jones

COLORADO Avalanche

5 vs 5 Forward 
   Center                   Left Wing                Right Wing               Time % Phy DF OF 
 1 Jeff Skinner             David Perron             David Pastrnak           40     1   2  2  
 2 Craig Smith              Rick Nash                Carl Hagelin             30     1   2  2  
 3 Darren Helm              Ryan Spooner             Ryan Callahan            20     1   2  2  
 4 Zack Smith               Kris Versteeg            David Pastrnak           10     1   2  2  

5 vs 5 Defense 
   Defense                  Defense                                           Time % Phy DF OF 
 1 Adam McQuaid             Jonas Brodin                                      40     1   2  2  
 2 Jonathan Ericsson        Jordie Benn                                       30     1   2  2  
 3 Kevin Bieksa             Jordie Benn                                       20     1   2  2  
 4 Justin Falk              Adam McQuaid                                      10     1   2  2  

PowerPlay Forward 
   Center                   Left Wing                Right Wing               Time % Phy DF OF 
 1 Jeff Skinner             David Perron             David Pastrnak           60     1   2  2  
 2 Craig Smith              Ryan Spooner             Rick Nash                40     1   2  2  

PowerPlay Defense
   Defense                  Defense                                           Time % Phy DF OF 
 1 Kevin Bieksa             Jonas Brodin                                      60     1   2  2  
 2 Jonathan Ericsson        Jordie Benn                                       40     1   2  2  

Penalty Kill 4 Players Forward 
   Center                   Wing                     Time % Phy DF OF 
 1 Darren Helm              David Perron             60     1   2  2  
 2 Darren Helm              Carl Hagelin             40     1   2  2  

Penalty Kill 4 Players Defense
   Defense                  Defense                  Time % Phy DF OF 
 1 Jordie Benn              Jonas Brodin             60     1   2  2  
 2 Jonathan Ericsson        Kevin Bieksa             40     1   2  2  

Penalty Kill - 3 Players Forward 
   Forward                                           Time % Phy DF OF 
 1 Darren Helm                                       60     1   2  2  
 2 Craig Smith                                       40     1   2  2  

Penalty Kill - 3 Players Defense
   Defense                  Defense                  Time % Phy DF OF 
 1 Jordie Benn              Jonas Brodin             60     1   2  2  
 2 Jonathan Ericsson        Justin Falk              40     1   2  2  

4 vs 4 Forward 
   Center                   Wing                     Time % Phy DF OF 
 1 Jeff Skinner             David Perron             60     1   2  2  
 2 Darren Helm              David Pastrnak           40     1   2  2  

4 vs 4 Defense
   Defense                  Defense                  Time % Phy DF OF 
 1 Justin Falk              Jonas Brodin             60     1   2  2  
 2 Jonathan Ericsson        Jordie Benn              40     1   2  2  

Last Minutes Offensive
   Center                   Left Wing                Right Wing               Defense                  Defense                  
   Jeff Skinner             David Pastrnak           Craig Smith              Jonathan Ericsson        Jonas Brodin             

Last Minutes Defensive
   Center                   Left Wing                Right Wing               Defense                  Defense                  
   Jeff Skinner             David Pastrnak           Craig Smith              Jonathan Ericsson        Jonas Brodin             

Goaltenders
Starting : Brian Elliott            
Backup : Anton Khudobin           

Extra Forwards
Normal : David Pastrnak, Jeff Skinner, Rick Nash - PP : David Pastrnak, Jeff Skinner - PK : Zack Smith
Extra Defensemen
Normal : Kevin Bieksa, Jordie Benn, Justin Falk - PP : Kevin Bieksa - PK : Jordie Benn, Justin Falk
Penalty Shots
David Pastrnak, Jeff Skinner, David Perron, Ryan Spooner, Darren Helm


% Time on Ice - TAMPA BAY Lightning

Lines # - Real PCT - Wanted PCT - Time Play
Normal Forward
1 - 38% - 35% - 17:04
2 - 30% - 30% - 13:47
3 - 26% - 25% - 11:56
4 - 6% - 10% - 2:34
Normal Defense
1 - 36% - 40% - 16:33
2 - 35% - 30% - 16:04
3 - 26% - 20% - 11:35
4 - 3% - 10% - 1:09
PP Forward
1 - 47% - 60% - 2:14
2 - 53% - 40% - 2:30
PP Defense
1 - 60% - 60% - 2:49
2 - 40% - 40% - 1:55
PK Forward
1 - 72% - 60% - 5:44
2 - 28% - 40% - 2:12
PK Defense
1 - 53% - 60% - 4:14
2 - 47% - 40% - 3:42
PK3 Forward
1 - 0% - 60%
2 - 0% - 40%
PK3 Defense
1 - 0% - 60%
2 - 0% - 40%
44 Forward
1 - 52% - 60% - 1:02
2 - 48% - 40% - 0:57
44 Defense
1 - 52% - 60% - 1:02
2 - 48% - 40% - 0:57
Last Minute Offensive  - 0:00
Last Minute Defensive  - 0:00
Total
Forward - 60:00
Defense - 60:00

% Time on Ice - COLORADO Avalanche

Lines # - Real PCT - Wanted PCT - Time Play
Normal Forward
1 - 29% - 40% - 13:12
2 - 33% - 30% - 15:02
3 - 27% - 20% - 12:11
4 - 11% - 10% - 4:56
Normal Defense
1 - 39% - 40% - 17:28
2 - 29% - 30% - 12:57
3 - 17% - 20% - 7:55
4 - 15% - 10% - 7:01
PP Forward
1 - 54% - 60% - 4:18
2 - 46% - 40% - 3:38
PP Defense
1 - 51% - 60% - 4:04
2 - 49% - 40% - 3:52
PK Forward
1 - 100% - 60% - 4:44
2 - 0% - 40% - 0:00
PK Defense
1 - 37% - 60% - 1:46
2 - 63% - 40% - 2:58
PK3 Forward
1 - 0% - 60%
2 - 0% - 40%
PK3 Defense
1 - 0% - 60%
2 - 0% - 40%
44 Forward
1 - 73% - 60% - 1:27
2 - 27% - 40% - 0:32
44 Defense
1 - 53% - 60% - 1:03
2 - 47% - 40% - 0:56
Last Minute Offensive  - 0:00
Last Minute Defensive  - 0:00
Total
Forward - 60:00
Defense - 60:00

Play by Play

1st period


0:01 of 1st period - Jeff Skinner wins face-off versus Ryan Kesler in neutral zone.
0:11 of 1st period - Icing by Seth Jones.
0:12 of 1st period - Craig Smith wins face-off versus Ryan Kesler in TAMPA BAY Lightning zone.
0:21 of 1st period - Shot by Jordie Benn.
0:21 of 1st period - Stopped by Cory Schneider without a rebound.
0:22 of 1st period - Darren Helm wins face-off versus Bryan Rust in TAMPA BAY Lightning zone.
0:39 of 1st period - Shot by Ryan Callahan.
0:39 of 1st period - Stopped by Cory Schneider with a rebound.
0:42 of 1st period - Icing by Brady Skjei.
0:43 of 1st period - Mikael Backlund wins face-off versus Jeff Skinner in TAMPA BAY Lightning zone.
1:01 of 1st period - Off-side.
1:02 of 1st period - Craig Smith wins face-off versus David Backes in neutral zone.
1:11 of 1st period - Shot by Craig Smith.
1:11 of 1st period - Shot Misses the Net.
1:13 of 1st period - Shot by Jonathan Ericsson.
1:13 of 1st period - Shot Misses the Net.
1:18 of 1st period - Craig Smith is hit by Dylan DeMelo.
2:12 of 1st period - Shot by Jonas Brodin.
2:12 of 1st period - Stopped by Cory Schneider with a rebound.
2:20 of 1st period - David Perron is hit by Dylan DeMelo and loses puck.
2:26 of 1st period - Minor Penalty to Karl Alzner for Holding.
2:27 of 1st period - Craig Smith wins face-off versus Mikael Backlund in TAMPA BAY Lightning zone.
2:46 of 1st period - Shot by Jonas Brodin.
2:46 of 1st period - Shot Misses the Net.
2:48 of 1st period - Shot by Craig Smith.
2:48 of 1st period - Shot Blocked by David Savard.
2:50 of 1st period - Shot by Kevin Bieksa.
2:50 of 1st period - Stopped by Cory Schneider without a rebound.
2:51 of 1st period - Ryan Kesler wins face-off versus Jeff Skinner in TAMPA BAY Lightning zone.
3:31 of 1st period - Shot by Bryan Rust.
3:31 of 1st period - Stopped by Brian Elliott with a rebound.
3:33 of 1st period - Shot by Bryan Rust.
3:33 of 1st period - Stopped by Brian Elliott with a rebound.
4:07 of 1st period - Shot by Kevin Bieksa.
4:07 of 1st period - Stopped by Cory Schneider without a rebound.
4:08 of 1st period - Ryan Kesler wins face-off versus Craig Smith in TAMPA BAY Lightning zone.
4:47 of 1st period - Shot by Ryan Kesler.
4:47 of 1st period - Stopped by Brian Elliott without a rebound.
4:48 of 1st period - Cedric Paquette wins face-off versus Craig Smith in COLORADO Avalanche zone.
5:13 of 1st period - Shot by Cedric Paquette.
5:13 of 1st period - Stopped by Brian Elliott without a rebound.
5:14 of 1st period - Ryan Kesler wins face-off versus Zack Smith in COLORADO Avalanche zone.
5:23 of 1st period - Shot by Zack Smith.
5:23 of 1st period - Stopped by Cory Schneider without a rebound.
5:24 of 1st period - Darren Helm wins face-off versus Bryan Rust in TAMPA BAY Lightning zone.
5:44 of 1st period - Darren Helm is hit by Conor Sheary and loses puck.
6:03 of 1st period - Shot by Conor Sheary.
6:03 of 1st period - Shot Blocked by Jonas Brodin.
6:05 of 1st period - Shot by Mikael Backlund.
6:05 of 1st period - Shot Misses the Net.
6:24 of 1st period - Shot by Mats Zuccarello.
6:24 of 1st period - Shot Blocked by Jonas Brodin.
6:26 of 1st period - Shot by Filip Forsberg.
6:26 of 1st period - Shot Misses the Net.
6:40 of 1st period - Shot by Ryan Kesler.
6:40 of 1st period - Shot Misses the Net.
6:42 of 1st period - Shot by Brady Skjei.
6:42 of 1st period - Stopped by Brian Elliott without a rebound.
6:43 of 1st period - David Backes wins face-off versus Jeff Skinner in COLORADO Avalanche zone.
6:51 of 1st period - Icing by Jordie Benn.
6:52 of 1st period - Cedric Paquette wins face-off versus Jeff Skinner in COLORADO Avalanche zone.
6:59 of 1st period - Shot by Matt Martin.
6:59 of 1st period - Stopped by Brian Elliott without a rebound.
7:00 of 1st period - David Perron wins face-off versus Ryan Kesler in COLORADO Avalanche zone.
7:25 of 1st period - Ryan Kesler is hit by Kevin Bieksa and loses puck.
7:46 of 1st period - Kevin Bieksa is hit by Ryan Kesler and loses puck.
8:03 of 1st period - Mikael Backlund is hit by David Pastrnak and loses puck.
8:27 of 1st period - Shot by Conor Sheary.
8:27 of 1st period - Goal by Conor Sheary - TAMPA BAY Lightning : 1 - COLORADO Avalanche : 0.
8:28 of 1st period - Craig Smith wins face-off versus David Backes in neutral zone.
9:27 of 1st period - Shot by Cedric Paquette.
9:27 of 1st period - Deflect By Matt Martin.
9:27 of 1st period - Stopped by Brian Elliott without a rebound.
9:28 of 1st period - Ryan Kesler wins face-off versus Ryan Spooner in COLORADO Avalanche zone.
9:52 of 1st period - Jordie Benn is hit by Brady Skjei and loses puck.
9:57 of 1st period - Shot by Ryan Spooner.
9:57 of 1st period - Stopped by Cory Schneider with a rebound.
10:26 of 1st period - Luca Sbisa is hit by Adam McQuaid and loses puck.
10:47 of 1st period - Conor Sheary is hit by Adam McQuaid and loses puck.
10:51 of 1st period - Mikael Backlund is hit by Justin Falk and loses puck.
11:10 of 1st period - Shot by Conor Sheary.
11:10 of 1st period - Shot Misses the Net.
11:13 of 1st period - Icing by Jonas Brodin.
11:14 of 1st period - David Backes wins face-off versus Craig Smith in COLORADO Avalanche zone.
11:18 of 1st period - Patrick Maroon is hit by Kevin Bieksa and loses puck.
11:22 of 1st period - Icing by Craig Smith.
11:23 of 1st period - Cedric Paquette wins face-off versus Craig Smith in COLORADO Avalanche zone.
11:28 of 1st period - Shot by William Carrier.
11:28 of 1st period - Stopped by Brian Elliott without a rebound.
11:29 of 1st period - David Backes wins face-off versus Darren Helm in COLORADO Avalanche zone.
11:44 of 1st period - Shot by Darren Helm.
11:44 of 1st period - Stopped by Cory Schneider without a rebound.
11:45 of 1st period - Jeff Skinner wins face-off versus Ryan Kesler in TAMPA BAY Lightning zone.
11:48 of 1st period - Shot by David Pastrnak.
11:48 of 1st period - Stopped by Cory Schneider without a rebound.
11:49 of 1st period - Jeff Skinner wins face-off versus Mikael Backlund in TAMPA BAY Lightning zone.
12:22 of 1st period - Icing by Seth Jones.
12:23 of 1st period - Carl Hagelin wins face-off versus Mikael Backlund in TAMPA BAY Lightning zone.
12:36 of 1st period - Shot by Bryan Rust.
12:36 of 1st period - Shot Misses the Net.
12:42 of 1st period - Shot by Seth Jones.
12:42 of 1st period - Shot Misses the Net.
12:55 of 1st period - Carl Hagelin is hit by Brady Skjei and loses puck.
13:16 of 1st period - Shot by Filip Forsberg.
13:16 of 1st period - Stopped by Brian Elliott with a rebound.
13:49 of 1st period - Shot by Danton Heinen.
13:49 of 1st period - Deflect By David Backes.
13:49 of 1st period - Stopped by Brian Elliott without a rebound.
13:50 of 1st period - Cedric Paquette wins face-off versus Darren Helm in COLORADO Avalanche zone.
13:58 of 1st period - Icing by Kevin Bieksa.
13:59 of 1st period - Darren Helm wins face-off versus Danton Heinen in COLORADO Avalanche zone.
14:15 of 1st period - Darren Helm is hit by Dylan DeMelo and loses puck.
14:21 of 1st period - Minor Penalty to Dylan DeMelo for Hooking.
14:22 of 1st period - Mikael Backlund wins face-off versus Jeff Skinner in TAMPA BAY Lightning zone.
14:33 of 1st period - Shot by David Perron.
14:33 of 1st period - Stopped by Cory Schneider without a rebound.
14:34 of 1st period - Mikael Backlund wins face-off versus Craig Smith in TAMPA BAY Lightning zone.
14:53 of 1st period - Shot by Seth Jones.
14:53 of 1st period - Stopped by Brian Elliott without a rebound.
14:54 of 1st period - Jeff Skinner wins face-off versus Mikael Backlund in COLORADO Avalanche zone.
15:15 of 1st period - Shot by Jeff Skinner.
15:15 of 1st period - Shot Misses the Net.
15:17 of 1st period - Shot by Jonathan Ericsson.
15:17 of 1st period - Shot Blocked by Luca Sbisa.
15:19 of 1st period - Shot by David Perron.
15:19 of 1st period - Stopped by Cory Schneider with a rebound.
15:21 of 1st period - Shot by David Perron.
15:21 of 1st period - Shot Misses the Net.
16:19 of 1st period - Off-side.
16:20 of 1st period - Ryan Kesler wins face-off versus Jeff Skinner in neutral zone.
16:33 of 1st period - Shot by David Backes.
16:33 of 1st period - Shot Misses the Net.
17:41 of 1st period - Filip Forsberg is hit by Ryan Callahan.
17:48 of 1st period - Minor Penalty to Jordie Benn for Goalie Interference.
17:48 of 1st period - Minor Penalty to Filip Forsberg for High sticking.
17:49 of 1st period - Jeff Skinner wins face-off versus Ryan Kesler in COLORADO Avalanche zone.
18:44 of 1st period - Shot by Conor Sheary.
18:44 of 1st period - Shot Blocked by Jonas Brodin.
18:51 of 1st period - Icing by Luca Sbisa.
18:52 of 1st period - Mikael Backlund wins face-off versus Darren Helm in TAMPA BAY Lightning zone.
18:59 of 1st period - Shot by David Pastrnak.
18:59 of 1st period - Stopped by Cory Schneider with a rebound.
19:03 of 1st period - Shot by David Pastrnak.
19:03 of 1st period - Shot Misses the Net.
19:05 of 1st period - Shot by Darren Helm.
19:05 of 1st period - Shot Blocked by Luca Sbisa.
19:17 of 1st period - Shot by David Pastrnak.
19:17 of 1st period - Deflect By Darren Helm.
19:17 of 1st period - Shot Misses the Net.
19:23 of 1st period - Shot by David Pastrnak.
19:23 of 1st period - Stopped by Cory Schneider without a rebound.
19:24 of 1st period - Jeff Skinner wins face-off versus Ryan Kesler in TAMPA BAY Lightning zone.
19:34 of 1st period - Icing by Seth Jones.
19:35 of 1st period - Ryan Kesler wins face-off versus Jeff Skinner in TAMPA BAY Lightning zone.
19:44 of 1st period - Shot by Patrick Maroon.
19:44 of 1st period - Deflect By Ryan Kesler.
19:44 of 1st period - Shot Misses the Net.
19:53 of 1st period - Icing by Craig Smith.
19:54 of 1st period - Cedric Paquette wins face-off versus Craig Smith in COLORADO Avalanche zone.
19:55 of 1st period - Shot by Seth Jones.
19:55 of 1st period - Stopped by Brian Elliott without a rebound.
19:56 of 1st period - Mikael Backlund wins face-off versus Craig Smith in COLORADO Avalanche zone.
19:57 of 1st period - Shot by Conor Sheary.
19:57 of 1st period - Shot Misses the Net.
19:59 of 1st period - Shot by Conor Sheary.
19:59 of 1st period - Stopped by Brian Elliott without a rebound.
Goals for this period are 1 for TAMPA BAY Lightning vs 0 for COLORADO Avalanche.
Shots for this period are 14 for TAMPA BAY Lightning vs 13 for COLORADO Avalanche.

2nd period


0:01 of 2nd period - Jeff Skinner wins face-off versus Mikael Backlund in neutral zone.
0:04 of 2nd period - Seth Jones is hit by David Perron and loses puck.
0:40 of 2nd period - David Perron is hit by Bryan Rust and loses puck.
0:41 of 2nd period - Minor Penalty to Bryan Rust for Roughing.
0:42 of 2nd period - Craig Smith wins face-off versus Cedric Paquette in TAMPA BAY Lightning zone.
2:36 of 2nd period - Shot by Jordie Benn.
2:36 of 2nd period - Shot Misses the Net.
2:38 of 2nd period - Shot by Craig Smith.
2:38 of 2nd period - Stopped by Cory Schneider without a rebound.
2:39 of 2nd period - Jeff Skinner wins face-off versus Mikael Backlund in TAMPA BAY Lightning zone.
2:48 of 2nd period - Shot by David Pastrnak.
2:48 of 2nd period - Stopped by Cory Schneider with a rebound.
2:50 of 2nd period - Shot by Justin Falk.
2:50 of 2nd period - Goal by Justin Falk - TAMPA BAY Lightning : 1 - COLORADO Avalanche : 1.
2:51 of 2nd period - Ryan Kesler wins face-off versus Zack Smith in neutral zone.
3:06 of 2nd period - Icing by Justin Falk.
3:07 of 2nd period - Zack Smith wins face-off versus Patrick Maroon in COLORADO Avalanche zone.
3:12 of 2nd period - Shot by Kris Versteeg.
3:12 of 2nd period - Shot Misses the Net.
3:14 of 2nd period - Shot by Zack Smith.
3:14 of 2nd period - Stopped by Cory Schneider without a rebound.
3:15 of 2nd period - Craig Smith wins face-off versus Bryan Rust in TAMPA BAY Lightning zone.
3:36 of 2nd period - Shot by Carl Hagelin.
3:36 of 2nd period - Shot Misses the Net.
3:38 of 2nd period - Shot by Carl Hagelin.
3:38 of 2nd period - Shot Blocked by Karl Alzner.
3:40 of 2nd period - Shot by Jonas Brodin.
3:40 of 2nd period - Shot Misses the Net.
3:42 of 2nd period - Shot by Rick Nash.
3:42 of 2nd period - Deflect By Craig Smith.
3:42 of 2nd period - Shot Misses the Net.
4:17 of 2nd period - Icing by Seth Jones.
4:18 of 2nd period - Ryan Kesler wins face-off versus Jeff Skinner in TAMPA BAY Lightning zone.
4:31 of 2nd period - Shot by Ryan Kesler.
4:31 of 2nd period - Stopped by Brian Elliott without a rebound.
4:32 of 2nd period - David Backes wins face-off versus Darren Helm in COLORADO Avalanche zone.
4:49 of 2nd period - Shot by Darren Helm.
4:49 of 2nd period - Shot Misses the Net.
5:10 of 2nd period - David Backes is hit by Jonathan Ericsson and loses puck.
5:36 of 2nd period - Mats Zuccarello is hit by Jordie Benn and loses puck.
5:47 of 2nd period - Shot by Filip Forsberg.
5:47 of 2nd period - Deflect By Ryan Kesler.
5:47 of 2nd period - Shot Blocked by Jordie Benn.
5:49 of 2nd period - Shot by David Savard.
5:49 of 2nd period - Goal by David Savard - TAMPA BAY Lightning : 2 - COLORADO Avalanche : 1.
5:50 of 2nd period - David Pastrnak wins face-off versus Mikael Backlund in neutral zone.
6:17 of 2nd period - Shot by Conor Sheary.
6:17 of 2nd period - Stopped by Brian Elliott without a rebound.
6:18 of 2nd period - Craig Smith wins face-off versus Ryan Kesler in COLORADO Avalanche zone.
6:26 of 2nd period - Icing by Seth Jones.
6:27 of 2nd period - Craig Smith wins face-off versus Ryan Kesler in TAMPA BAY Lightning zone.
6:39 of 2nd period - Icing by Adam McQuaid.
6:40 of 2nd period - Craig Smith wins face-off versus Mikael Backlund in COLORADO Avalanche zone.
6:40 of 2nd period - Craig Smith is hit by Mikael Backlund.
6:54 of 2nd period - Shot by Craig Smith.
6:54 of 2nd period - Shot Misses the Net.
6:56 of 2nd period - Shot by Jonas Brodin.
6:56 of 2nd period - Goal by Jonas Brodin - TAMPA BAY Lightning : 2 - COLORADO Avalanche : 2.
6:57 of 2nd period - Jeff Skinner wins face-off versus Ryan Kesler in neutral zone.
7:12 of 2nd period - Shot by David Pastrnak.
7:12 of 2nd period - Stopped by Cory Schneider without a rebound.
7:13 of 2nd period - Conor Sheary wins face-off versus Craig Smith in TAMPA BAY Lightning zone.
7:22 of 2nd period - Mikael Backlund is hit by Rick Nash.
8:11 of 2nd period - Icing by Seth Jones.
8:12 of 2nd period - Ryan Kesler wins face-off versus Jeff Skinner in TAMPA BAY Lightning zone.
9:22 of 2nd period - Shot by Ryan Spooner.
9:22 of 2nd period - Stopped by Cory Schneider without a rebound.
9:23 of 2nd period - Mikael Backlund wins face-off versus Darren Helm in TAMPA BAY Lightning zone.
9:54 of 2nd period - Shot by Ryan Spooner.
9:54 of 2nd period - Deflect By Ryan Callahan.
9:54 of 2nd period - Shot Misses the Net.
9:56 of 2nd period - Shot by Ryan Callahan.
9:56 of 2nd period - Shot Misses the Net.
10:16 of 2nd period - Shot by Rick Nash.
10:16 of 2nd period - Shot Misses the Net.
10:18 of 2nd period - Shot by Carl Hagelin.
10:18 of 2nd period - Stopped by Cory Schneider without a rebound.
10:19 of 2nd period - Zack Smith wins face-off versus Ryan Kesler in TAMPA BAY Lightning zone.
10:32 of 2nd period - Shot by Ryan Kesler.
10:32 of 2nd period - Shot Misses the Net.
10:46 of 2nd period - Jordie Benn is hit by Ryan Kesler and loses puck.
11:18 of 2nd period - Icing by Justin Falk.
11:19 of 2nd period - Cedric Paquette wins face-off versus Craig Smith in COLORADO Avalanche zone.
11:28 of 2nd period - Shot by Cedric Paquette.
11:28 of 2nd period - Stopped by Brian Elliott with a rebound.
11:30 of 2nd period - Shot by Matt Martin.
11:30 of 2nd period - Shot Misses the Net.
11:32 of 2nd period - Shot by Matt Martin.
11:32 of 2nd period - Stopped by Brian Elliott without a rebound.
11:33 of 2nd period - Darren Helm wins face-off versus David Backes in COLORADO Avalanche zone.
11:54 of 2nd period - Shot by Danton Heinen.
11:54 of 2nd period - Shot Misses the Net.
11:56 of 2nd period - Shot by Patrick Maroon.
11:56 of 2nd period - Shot Blocked by Jordie Benn.
11:58 of 2nd period - Shot by Luca Sbisa.
11:58 of 2nd period - Shot Misses the Net.
12:00 of 2nd period - Shot by Brady Skjei.
12:00 of 2nd period - Shot Misses the Net.
12:02 of 2nd period - Shot by Patrick Maroon.
12:02 of 2nd period - Stopped by Brian Elliott with a rebound.
12:04 of 2nd period - Shot by Luca Sbisa.
12:04 of 2nd period - Shot Misses the Net.
12:06 of 2nd period - Shot by Danton Heinen.
12:06 of 2nd period - Shot Blocked by Jordie Benn.
12:08 of 2nd period - Shot by David Backes.
12:08 of 2nd period - Shot Blocked by Jordie Benn.
12:28 of 2nd period - Shot by Ryan Kesler.
12:28 of 2nd period - Goal by Ryan Kesler - TAMPA BAY Lightning : 3 - COLORADO Avalanche : 2.
12:29 of 2nd period - Jeff Skinner wins face-off versus Ryan Kesler in neutral zone.
12:38 of 2nd period - Minor Penalty to Filip Forsberg for Roughing.
12:39 of 2nd period - Jeff Skinner wins face-off versus Mikael Backlund in TAMPA BAY Lightning zone.
12:52 of 2nd period - Shot by David Pastrnak.
12:52 of 2nd period - Shot Blocked by David Savard.
13:49 of 2nd period - Shot by Rick Nash.
13:49 of 2nd period - Shot Misses the Net.
13:51 of 2nd period - Shot by Dan Girardi.
13:51 of 2nd period - Stopped by Cory Schneider without a rebound.
13:52 of 2nd period - Mikael Backlund wins face-off versus Craig Smith in TAMPA BAY Lightning zone.
14:05 of 2nd period - Shot by Craig Smith.
14:05 of 2nd period - Stopped by Cory Schneider without a rebound.
14:06 of 2nd period - Mikael Backlund wins face-off versus Jeff Skinner in TAMPA BAY Lightning zone.
14:06 of 2nd period - Mikael Backlund is hit by David Pastrnak.
14:18 of 2nd period - Shot by Jonas Brodin.
14:18 of 2nd period - Shot Misses the Net.
14:22 of 2nd period - Shot by David Pastrnak.
14:22 of 2nd period - Stopped by Cory Schneider with a rebound.
14:24 of 2nd period - Shot by Jeff Skinner.
14:24 of 2nd period - Shot Misses the Net.
14:26 of 2nd period - Shot by Kevin Bieksa.
14:26 of 2nd period - Shot Blocked by Mikael Backlund.
14:38 of 2nd period - Shot by David Pastrnak.
14:38 of 2nd period - Stopped by Cory Schneider without a rebound.
14:39 of 2nd period - Rick Nash wins face-off versus Ryan Kesler in TAMPA BAY Lightning zone.
14:52 of 2nd period - Shot by Ryan Kesler.
14:52 of 2nd period - Shot Blocked by Adam McQuaid.
15:04 of 2nd period - Filip Forsberg is hit by Carl Hagelin and loses puck.
15:47 of 2nd period - Icing by Jonathan Ericsson.
15:48 of 2nd period - Mikael Backlund wins face-off versus Darren Helm in COLORADO Avalanche zone.
15:55 of 2nd period - Ryan Callahan is hit by Mikael Backlund and loses puck.
16:14 of 2nd period - Shot by Ryan Callahan.
16:14 of 2nd period - Deflect By Ryan Spooner.
16:14 of 2nd period - Shot Blocked by Seth Jones.
17:30 of 2nd period - David Perron is hit by Mats Zuccarello and loses puck.
17:45 of 2nd period - Shot by Mats Zuccarello.
17:45 of 2nd period - Shot Misses the Net.
17:47 of 2nd period - Shot by Mats Zuccarello.
17:47 of 2nd period - Stopped by Brian Elliott without a rebound.
17:48 of 2nd period - Cedric Paquette wins face-off versus Craig Smith in COLORADO Avalanche zone.
19:00 of 2nd period - Minor Penalty to Ryan Callahan for Holding Stick.
19:01 of 2nd period - Mikael Backlund wins face-off versus Darren Helm in COLORADO Avalanche zone.
19:02 of 2nd period - Shot by Bryan Rust.
19:02 of 2nd period - Goal by Bryan Rust - TAMPA BAY Lightning : 4 - COLORADO Avalanche : 2.
19:03 of 2nd period - Mikael Backlund wins face-off versus Darren Helm in neutral zone.
19:13 of 2nd period - Darren Helm is hit by Karl Alzner and loses puck.
19:32 of 2nd period - Shot by Darren Helm.
19:32 of 2nd period - Shot Misses the Net.
19:34 of 2nd period - Shot by Jonathan Ericsson.
19:34 of 2nd period - Shot Misses the Net.
Goals for this period are 3 for TAMPA BAY Lightning vs 2 for COLORADO Avalanche.
Shots for this period are 9 for TAMPA BAY Lightning vs 12 for COLORADO Avalanche.

3rd period


0:01 of 3rd period - Ryan Kesler wins face-off versus Jeff Skinner in neutral zone.
0:04 of 3rd period - Jonas Brodin is hit by Ryan Kesler and loses puck.
0:19 of 3rd period - Shot by Jeff Skinner.
0:19 of 3rd period - Stopped by Cory Schneider without a rebound.
0:20 of 3rd period - Craig Smith wins face-off versus David Backes in TAMPA BAY Lightning zone.
1:01 of 3rd period - Shot by Rick Nash.
1:01 of 3rd period - Shot Misses the Net.
1:56 of 3rd period - Minor Penalty to Jeff Skinner for Hooking.
1:57 of 3rd period - Darren Helm wins face-off versus Mikael Backlund in COLORADO Avalanche zone.
2:18 of 3rd period - Shot by Luca Sbisa.
2:18 of 3rd period - Stopped by Brian Elliott with a rebound.
2:20 of 3rd period - Shot by Dylan DeMelo.
2:20 of 3rd period - Deflect By Bryan Rust.
2:20 of 3rd period - Stopped by Brian Elliott without a rebound.
2:21 of 3rd period - Ryan Kesler wins face-off versus Darren Helm in COLORADO Avalanche zone.
2:38 of 3rd period - Shot by Brady Skjei.
2:38 of 3rd period - Stopped by Brian Elliott with a rebound.
2:40 of 3rd period - Shot by Ryan Kesler.
2:40 of 3rd period - Goal by Ryan Kesler - TAMPA BAY Lightning : 5 - COLORADO Avalanche : 2.
2:41 of 3rd period - Zack Smith wins face-off versus Mikael Backlund in neutral zone.
2:50 of 3rd period - Shot by Conor Sheary.
2:50 of 3rd period - Shot Misses the Net.
3:25 of 3rd period - Off-side.
3:26 of 3rd period - Ryan Kesler wins face-off versus Darren Helm in neutral zone.
3:32 of 3rd period - Off-side.
3:33 of 3rd period - Darren Helm wins face-off versus Ryan Kesler in neutral zone.
3:49 of 3rd period - Shot by Filip Forsberg.
3:49 of 3rd period - Stopped by Brian Elliott without a rebound.
3:50 of 3rd period - Jeff Skinner wins face-off versus David Backes in COLORADO Avalanche zone.
3:50 of 3rd period - Jeff Skinner is hit by Patrick Maroon.
3:55 of 3rd period - Off-side.
3:56 of 3rd period - Jeff Skinner wins face-off versus Ryan Kesler in neutral zone.
3:59 of 3rd period - David Savard is hit by David Perron and loses puck.
4:16 of 3rd period - Shot by Mats Zuccarello.
4:16 of 3rd period - Stopped by Brian Elliott without a rebound.
4:17 of 3rd period - Craig Smith wins face-off versus Mikael Backlund in COLORADO Avalanche zone.
4:29 of 3rd period - Mikael Backlund is hit by Craig Smith and loses puck.
4:33 of 3rd period - Icing by Luca Sbisa.
4:34 of 3rd period - Mikael Backlund wins face-off versus Jeff Skinner in TAMPA BAY Lightning zone.
5:10 of 3rd period - Shot by Mikael Backlund.
5:10 of 3rd period - Stopped by Brian Elliott without a rebound.
5:11 of 3rd period - Ryan Kesler wins face-off versus Craig Smith in COLORADO Avalanche zone.
5:15 of 3rd period - Minor Penalty to Jonathan Ericsson for High sticking.
5:16 of 3rd period - Ryan Kesler wins face-off versus Darren Helm in COLORADO Avalanche zone.
5:45 of 3rd period - Shot by Mats Zuccarello.
5:45 of 3rd period - Shot Misses the Net.
5:47 of 3rd period - Shot by Filip Forsberg.
5:47 of 3rd period - Shot Misses the Net.
5:49 of 3rd period - Shot by Mats Zuccarello.
5:49 of 3rd period - Stopped by Brian Elliott without a rebound.
5:50 of 3rd period - Mikael Backlund wins face-off versus Darren Helm in COLORADO Avalanche zone.
5:51 of 3rd period - Shot by Conor Sheary.
5:51 of 3rd period - Shot Misses the Net.
5:53 of 3rd period - Shot by Luca Sbisa.
5:53 of 3rd period - Shot Blocked by Jonas Brodin.
6:42 of 3rd period - Filip Forsberg is hit by Zack Smith and loses puck.
7:13 of 3rd period - Shot by Ryan Kesler.
7:13 of 3rd period - Shot Misses the Net.
7:16 of 3rd period - Ryan Kesler is hit by Jonas Brodin.
7:20 of 3rd period - Shot by Danton Heinen.
7:20 of 3rd period - Stopped by Brian Elliott without a rebound.
7:21 of 3rd period - Craig Smith wins face-off versus David Backes in COLORADO Avalanche zone.
7:23 of 3rd period - Icing by Jonas Brodin.
7:24 of 3rd period - David Backes wins face-off versus Craig Smith in COLORADO Avalanche zone.
7:24 of 3rd period - Danton Heinen is hit by Adam McQuaid and loses puck.
7:38 of 3rd period - Danton Heinen is hit by Adam McQuaid and loses puck.
8:00 of 3rd period - Carl Hagelin is hit by Seth Jones and loses puck.
8:07 of 3rd period - Jonas Brodin is hit by David Backes and loses puck.
8:15 of 3rd period - Icing by Adam McQuaid.
8:16 of 3rd period - Craig Smith wins face-off versus Ryan Kesler in COLORADO Avalanche zone.
8:43 of 3rd period - Ryan Kesler is hit by Adam McQuaid and loses puck.
9:00 of 3rd period - David Perron is hit by Filip Forsberg.
9:01 of 3rd period - Icing by David Perron.
9:02 of 3rd period - Mikael Backlund wins face-off versus David Perron in COLORADO Avalanche zone.
9:07 of 3rd period - Shot by Luca Sbisa.
9:07 of 3rd period - Shot Misses the Net.
9:09 of 3rd period - Shot by Conor Sheary.
9:09 of 3rd period - Shot Blocked by Jonathan Ericsson.
9:29 of 3rd period - Shot by Conor Sheary.
9:29 of 3rd period - Deflect By Bryan Rust.
9:29 of 3rd period - Stopped by Brian Elliott with a rebound.
10:06 of 3rd period - Shot by Danton Heinen.
10:06 of 3rd period - Deflect By Patrick Maroon.
10:06 of 3rd period - Shot Misses the Net.
10:08 of 3rd period - Shot by Danton Heinen.
10:08 of 3rd period - Stopped by Brian Elliott without a rebound.
10:09 of 3rd period - Darren Helm wins face-off versus Ryan Kesler in COLORADO Avalanche zone.
10:23 of 3rd period - Shot by Karl Alzner.
10:23 of 3rd period - Stopped by Brian Elliott without a rebound.
10:24 of 3rd period - Darren Helm wins face-off versus David Backes in COLORADO Avalanche zone.
10:39 of 3rd period - Shot by Darren Helm.
10:39 of 3rd period - Shot Misses the Net.
10:52 of 3rd period - Icing by Seth Jones.
10:53 of 3rd period - Craig Smith wins face-off versus David Backes in TAMPA BAY Lightning zone.
12:17 of 3rd period - Jonathan Ericsson is hit by Mats Zuccarello and loses puck.
12:58 of 3rd period - Shot by Bryan Rust.
12:58 of 3rd period - Stopped by Brian Elliott with a rebound.
13:56 of 3rd period - Shot by David Pastrnak.
13:56 of 3rd period - Shot Blocked by David Savard.
13:58 of 3rd period - Shot by Adam McQuaid.
13:58 of 3rd period - Goal by Adam McQuaid - TAMPA BAY Lightning : 5 - COLORADO Avalanche : 3.
13:59 of 3rd period - David Backes wins face-off versus Craig Smith in neutral zone.
14:11 of 3rd period - Minor Penalty to Jonathan Ericsson for Hooking.
14:12 of 3rd period - Mikael Backlund wins face-off versus Darren Helm in COLORADO Avalanche zone.
14:17 of 3rd period - Shot by Bryan Rust.
14:17 of 3rd period - Stopped by Brian Elliott with a rebound.
14:30 of 3rd period - Icing by Conor Sheary.
14:31 of 3rd period - David Perron wins face-off versus Mikael Backlund in TAMPA BAY Lightning zone.
14:34 of 3rd period - Shot by David Perron.
14:34 of 3rd period - Stopped by Cory Schneider without a rebound.
14:35 of 3rd period - Ryan Kesler wins face-off versus Darren Helm in TAMPA BAY Lightning zone.
14:35 of 3rd period - Ryan Kesler is hit by David Perron.
14:53 of 3rd period - Shot by Filip Forsberg.
14:53 of 3rd period - Stopped by Brian Elliott without a rebound.
14:54 of 3rd period - Mikael Backlund wins face-off versus Darren Helm in COLORADO Avalanche zone.
14:57 of 3rd period - Shot by Brady Skjei.
14:57 of 3rd period - Shot Blocked by Jonas Brodin.
15:17 of 3rd period - Shot by Seth Jones.
15:17 of 3rd period - Deflect By Conor Sheary.
15:17 of 3rd period - Shot Misses the Net.
16:05 of 3rd period - Shot by Filip Forsberg.
16:05 of 3rd period - Stopped by Brian Elliott without a rebound.
16:06 of 3rd period - Ryan Kesler wins face-off versus Darren Helm in COLORADO Avalanche zone.
16:17 of 3rd period - Shot by Patrick Maroon.
16:17 of 3rd period - Stopped by Brian Elliott without a rebound.
16:18 of 3rd period - Ryan Kesler wins face-off versus Craig Smith in COLORADO Avalanche zone.
16:18 of 3rd period - Seth Jones is hit by Adam McQuaid and loses puck.
16:49 of 3rd period - Shot by Rick Nash.
16:49 of 3rd period - Shot Misses the Net.
16:59 of 3rd period - Shot by Craig Smith.
16:59 of 3rd period - Deflect By Carl Hagelin.
16:59 of 3rd period - Shot Blocked by David Savard.
17:18 of 3rd period - Icing by Jonathan Ericsson.
17:19 of 3rd period - Jeff Skinner wins face-off versus Conor Sheary in COLORADO Avalanche zone.
17:30 of 3rd period - Shot by Conor Sheary.
17:30 of 3rd period - Stopped by Brian Elliott without a rebound.
17:31 of 3rd period - Darren Helm wins face-off versus David Backes in COLORADO Avalanche zone.
17:46 of 3rd period - Shot by David Backes.
17:46 of 3rd period - Stopped by Brian Elliott without a rebound.
17:47 of 3rd period - Mikael Backlund wins face-off versus Jeff Skinner in COLORADO Avalanche zone.
17:55 of 3rd period - Icing by Adam McQuaid.
17:56 of 3rd period - Jeff Skinner wins face-off versus Mikael Backlund in COLORADO Avalanche zone.
18:27 of 3rd period - Shot by David Perron.
18:27 of 3rd period - Stopped by Cory Schneider without a rebound.
18:28 of 3rd period - Craig Smith wins face-off versus David Backes in TAMPA BAY Lightning zone.
18:29 of 3rd period - Shot by Rick Nash.
18:29 of 3rd period - Stopped by Cory Schneider without a rebound.
18:30 of 3rd period - Craig Smith wins face-off versus David Backes in TAMPA BAY Lightning zone.
18:36 of 3rd period - Off-side.
18:37 of 3rd period - Mats Zuccarello wins face-off versus Jeff Skinner in neutral zone.
18:52 of 3rd period - Shot by Mats Zuccarello.
18:52 of 3rd period - Deflect By Filip Forsberg.
18:52 of 3rd period - Shot Blocked by Jonas Brodin.
19:03 of 3rd period - Shot by Filip Forsberg.
19:03 of 3rd period - Stopped by Brian Elliott with a rebound.
Goals for this period are 1 for TAMPA BAY Lightning vs 1 for COLORADO Avalanche.
Shots for this period are 20 for TAMPA BAY Lightning vs 5 for COLORADO Avalanche.